 Dungeon Crawl Stone Soup version 0.23.2 (webtiles) character file.

Game seed: 11253355953861776704

2393 teukkam the Skirmisher (level 9, -1/79 HPs)
             Began as a Minotaur Fighter on Apr 1, 2019.
             Was a Priest of Zin.
             Slain by a hog (7 damage)
             ... on level 8 of the Dungeon.
             The game lasted 00:17:51 (4714 turns).

teukkam the Skirmisher (Minotaur Fighter)           Turns: 4714, Time: 00:17:52

Health: -1/79      AC: 12    Str: 25    XL:     9   Next: 22%
Magic:  0/10       EV:  9    Int:  5    God:    Zin [***...]
Gold:   270        SH: 12    Dex:  9    Spells: 8/8 levels left

rFire    . . .     SeeInvis .   a - +4 rapier (freeze)
rCold    . . .     Gourm    .   c - +1 shield
rNeg     + . .     Faith    .   x - +2 ring mail {rPois}
rPois    +         Spirit   +   (helmet restricted)
rElec    .         Reflect  .   (no cloak)
rCorr    .         Harm     .   (no gloves)
MR       .....                  t - +0 pair of boots
Stlth    ..........             F - amulet of guardian spirit
HPRegen  0.23/turn              n - ring of positive energy
MPRegen  0.12/turn              C - +3 ring of protection

@: very slightly contaminated, invisible
A: retaliatory headbutt, horns 2
a: Recite, Vitalisation, Imprison, Donate Gold, Renounce Religion


You were on level 8 of the Dungeon.
You worshipped Zin.
Zin was most pleased with you.
You were not hungry.

You visited 2 branches of the dungeon, and saw 9 of its levels.

You collected 299 gold pieces.
You donated 29 gold pieces to Zin.

Inventory:

Hand Weapons
 a - a +4 rapier of freezing (weapon)
 b - a +0 hunting sling
 h - a +2 shortbow of freezing
 y - a +0 war axe
 z - a +3 antimagic spear
Missiles
 d - 8 tomahawks
 i - 154 stones (quivered)
 l - 2 tomahawks of returning
 o - 158 arrows
 r - 22 sling bullets
 G - 15 poisoned needles
Armour
 c - a +1 shield (worn)
 t - a +0 pair of boots (worn)
 x - a +2 ring mail of poison resistance (worn)
Jewellery
 m - an uncursed ring of fire
 n - a ring of positive energy (left hand)
 u - an uncursed amulet of magic regeneration
 C - a +3 ring of protection (right hand)
 F - an amulet of guardian spirit (around neck)
Wands
 v - a wand of flame (16)
 D - a wand of disintegration (13)
Scrolls
 g - 10 scrolls of identify
 j - 6 scrolls of remove curse
 w - 3 scrolls of magic mapping {unknown}
 A - a scroll of enchant weapon {unknown}
 B - a scroll of enchant armour
 E - a scroll of immolation
Potions
 e - a potion of resistance {unknown}
 k - 2 potions of invisibility
 q - a potion of curing {unknown}
 s - a potion of degeneration {unknown}
 I - a potion of heal wounds {unknown}
Comestibles
 f - 6 rations
 H - 2 chunks of flesh


   Skills:
 + Level 7.4 Fighting
 + Level 3.0 Short Blades
 - Level 5.7 Axes
 + Level 5.1 Slings
 + Level 7.3 Armour
 + Level 7.3 Shields
 + Level 3.7 Invocations


You had 8 spell levels left.
You didn't know any spells.
Your spell library was empty.

Dungeon Overview and Level Annotations

Branches:
Dungeon (8/15)             Temple (1/1) D:4
   Lair: D:8-11

Altars:
Cheibriados
Dithmenos
Elyvilon
Fedhas
Hepliaklqana
Kikubaaqudgha
Makhleb
Nemelex Xobeh
Okawaru
Qazlal
Ru
Trog
Uskayaw
Wu Jian
Zin
The Shining One

Shops:
D:4 :

Annotations:
D:6 2 transporters, randart armor


Innate Abilities, Weirdness & Mutations

You reflexively headbutt those who attack you in melee.
You have a pair of horns on your head.


Message History

The hog barely misses you.
As you read the scroll of fear, it crumbles to dust.
You assume a fearsome visage.
The yak looks frightened!
You block the hog's attack. The hog bites you but does no damage.
You block the hog's attack.
There is an escape hatch in the floor here.
The hog bites you!
* * * LOW HITPOINT WARNING * * *
You slide downwards.
The hatch slams shut behind you.
You hear the roar of battle.
There is an entrance to a bailey on this level.
Hurry and find it before the portal closes forever!
An ogre comes into view. It is wielding a +0 giant club.
Found a stone staircase leading down.
You fade into invisibility!
You block the hog's attack.
You are very lightly contaminated with residual magic.
You puncture the hog! You freeze the hog!
The hog is almost dead.
The hog bites you!
You die...

+## ..#
##O.# ##
###...####
..
...#.....
#.##...>.#
#.......#
#..h..#
##..@.#
##...#
#####


You could see a hog and an ogre.

Vanquished Creatures
  Eustachio (D:5)
  2 hogs (D:7)
  A human (D:7)
  Menkaure (D:4)
  2 sky beasts (D:7)
  An orc warrior (D:6)
  3 ogres
  4 centaurs
  2 scorpions
  A howler monkey (D:6)
  A crimson imp (D:6)
  A centaur zombie (D:5)
  2 orc priests
  3 hounds
  2 bullfrog skeletons (D:5)
  3 worker ants
  3 orc wizards
  A hound skeleton (D:6)
  A worker ant zombie (D:6)
  A howler monkey zombie (D:5)
  4 gnolls (D:5)
  5 adders
  A shadow imp (D:6)
  3 oozes
  2 worms
  2 leopard geckos
  11 orcs
  A bat (D:1)
  2 giant cockroaches
  4 goblins
  3 hobgoblins
  10 jackals
  A quokka (D:7)
  2 ball pythons
  2 frilled lizards
  5 kobolds
  A leopard gecko skeleton (D:7)
  A leopard gecko zombie (D:5)
  5 rats
101 creatures vanquished.

Vanquished Creatures (others)
  A sky beast (D:5)
1 creature vanquished.

Grand Total: 102 creatures vanquished

Notes
Turn   | Place    | Note
-------+----------+-------------------------------------------
     0 | D:1      | teukkam the Minotaur Fighter began the quest for the Orb.
     0 | D:1      | Reached XP level 1. HP: 19/19 MP: 0/0
   111 | D:2      | Reached XP level 2. HP: 24/27 MP: 1/1
   229 | D:4      | Noticed Menkaure
   241 | D:3      | Reached XP level 3. HP: 6/33 MP: 2/2
   571 | D:4      | Found a staircase to the Ecumenical Temple.
   577 | Temple   | Entered the Ecumenical Temple
   633 | Temple   | Became a worshipper of Zin the Law-Giver
   803 | D:1      | Reached * piety under Zin
  1176 | D:2      | Found an ancient bone altar of Kikubaaqudgha.
  1185 | D:2      | Noticed a centaur
  1197 | D:2      | Killed a centaur
  1197 | D:2      | Reached skill level 1 in Slings
  1197 | D:2      | Reached XP level 4. HP: 12/41 MP: 3/3
  1197 | D:2      | Reached XP level 5. HP: 14/47 MP: 4/4
  1448 | D:4      | Killed Menkaure
  1448 | D:4      | Reached skill level 5 in Fighting
  1448 | D:4      | Reached skill level 5 in Shields
  1448 | D:4      | Reached XP level 6. HP: 32/56 MP: 5/5
  1449 | D:4      | Reached skill level 5 in Armour
  1462 | D:4      | Found a hide-covered altar of Uskayaw.
  1663 | D:4      | Found Guinke's Book Shoppe.
  1701 | D:4      | Found an iron altar of Okawaru.
  1840 | D:4      | Reached XP level 7. HP: 43/61 MP: 6/6
  2202 | D:5      | Entered Level 5 of the Dungeon
  2231 | D:5      | Found a white marble altar of Elyvilon.
  2289 | D:5      | Reached skill level 1 in Invocations
  2408 | D:5      | Reached skill level 5 in Axes
  2489 | D:5      | Reached ** piety under Zin
  2582 | D:5      | Found a bloodstained altar of Trog.
  2780 | D:5      | Reached XP level 8. HP: 60/70 MP: 8/8
  3086 | D:5      | Noticed Eustachio
  3110 | D:5      | Killed Eustachio
  3582 | D:6      | Reached skill level 1 in Short Blades
  3640 | D:6      | Noticed a hippogriff
  3642 | D:6      | Found a blossoming altar of Fedhas.
  3642 | D:6      | Noticed an ogre mage
  3643 | D:6      | Found a transporter.
  3651 | D:6      | Noticed a hippogriff
  3653 | D:6      | Found a transporter.
  3753 | D:6      | Reached *** piety under Zin
  3886 | D:6      | Found a sacrificial altar of Ru.
  4198 | D:6      | Found a sparkling altar of Nemelex Xobeh.
  4591 | D:7      | Reached XP level 9. HP: 73/79 MP: 8/10
  4692 | D:7      | Reached skill level 5 in Slings
  4714 | D:8      | Slain by a hog

Skill      XL: |  1  2  3  4  5  6  7  8  9 |
---------------+----------------------------+-----
Fighting       | 4 5 6 7 |  7.4
Axes           | 3 4 5 |  5.7
Armour         | 4 5 6 7 |  7.3
Shields        | 4 5 6 7 |  7.3
Slings         | 1 2 3 4 5 |  5.1
Invocations    | 2 3 |  3.7
Short Blades   | 2 3 |  3.0

Action                   |  1- 3 |  4- 6 |  7- 9 || total
-------------------------+-------+-------+-------++-------
Melee: War axe           |    79 |    38 |   116 ||   233
       Headbutt          |     7 |     9 |    40 ||    56
       Rapier            |       |       |   104 ||   104
 Fire: Hunting sling     |     1 |     7 |    22 ||    30
Invok: Recite            |       |       |     5 ||     5
  Use: Scroll            |     7 |     1 |     1 ||     9
       Potion            |       |     1 |     1 ||     2
 Stab: Confused          |       |       |     1 ||     1
  Eat: Ration            |     1 |       |     3 ||     4
       Chunk             |       |       |     1 ||     1
Armor: Scale mail        |    35 |       |       ||    35
       Chain mail        |     3 |    14 |    57 ||    74
       Ring mail         |       |       |    49 ||    49
Dodge: Dodged            |    24 |     5 |    46 ||    75
Block: Shield            |    52 |    30 |   115 ||   197
